 Dungeon Crawl Stone Soup version 0.27.1-1-g398f81649c (webtiles) character file.

Game seed: 2069434265539249208

326 Metae the Covered (level 6, -5/56 HPs)
             Began as a Minotaur Fighter on Sept 14, 2021.
             Killed by divine providence
             ... invoked by an orc priest
              (14 damage)
             ... on level 4 of the Dungeon.
             The game lasted 00:08:16 (3415 turns).

Metae the Covered (Minotaur Fighter)                Turns: 3415, Time: 00:08:16

Health: -5/56      AC: 15    Str: 29    XL:     6   Next: 24%
Magic:  5/5        EV:  6    Int:  5    God:
Gold:   64         SH: 10    Dex:  9    Spells: 5/5 levels left

rFire    . . .     SeeInvis .   a - +0 trident
rCold    . . .     Faith    .   c - +0 kite shield
rNeg     . . .     Spirit   .   p - +0 chain mail
rPois    .         Reflect  .   (helmet restricted)
rElec    .         Harm     .   s - +0 cloak
rCorr    .         Rampage  .   (no gloves)
Will     .....                  (no boots)
Stlth    ..........             (no amulet)
HPRegen  0.18/turn              q - +6 ring of strength
MPRegen  0.09/turn              n - +4 ring of protection

@: no status effects
A: horns 2, retaliatory headbutt
a: no special abilities


You were on level 4 of the Dungeon.
You visited 1 branch of the dungeon, and saw 4 of its levels.

You collected 64 gold pieces.

Inventory:

Hand Weapons
 a - a +0 trident (weapon)
Missiles
 o - 14 sling bullets
Armour
 b - a +0 scale mail
 c - a +0 kite shield (worn)
 p - a +0 chain mail (worn)
 s - a +0 cloak (worn)
Jewellery
 j - a ring of protection from fire
 n - a +4 ring of protection (right hand)
 q - a +6 ring of strength (left hand)
Wands
 e - a wand of polymorph (11)
Scrolls
 f - 2 scrolls of fear {unknown}
 i - 2 scrolls of amnesia
 k - a scroll of vulnerability {unknown}
 l - 2 scrolls of teleportation {unknown}
 r - a scroll of magic mapping {unknown}
Potions
 d - a potion of might
 g - 2 potions of flight
 h - a potion of ambrosia {unknown}
 m - 2 potions of heal wounds {unknown}


   Skills:
 + Level 5.2 Fighting
 + Level 4.4 Polearms
 + Level 5.3 Armour
 + Level 5.2 Shields


You had 5 spell levels left.
You didn't know any spells.
Your spell library contained the following spells:

 Spells                   Type           Power      Damage    Failure   Level
 Foxfire                  Conj/Fire      0%         2x1d4     100%        1
 Call Canine Familiar     Summ           0%         N/A       100%        3
 Conjure Flame            Conj/Fire      0%         6-21      100%        3
 Inner Flame              Hex/Fire       0%         N/A       100%        3
 Portal Projectile        Hex/Tloc       0%         N/A       100%        3
 Leda's Liquefaction      Hex/Erth       0%         N/A       100%        4


Dungeon Overview and Level Annotations

Branches:
Dungeon (4/15)
 Temple: D:4-7

Altars:
Gozag
Trog


Innate Abilities, Weirdness & Mutations

You have a pair of horns on your head.
You reflexively headbutt those who attack you in melee.


Message History

You puncture the ufetubus!
You kill the ufetubus!
The orc priest casts a cantrip, but nothing happens.
The orc priest hits you with a +1 short sword of venom.
You are poisoned.
You barely miss the orc priest.
You feel very sick.
The orc priest hits you but does no damage.
You are more poisoned.
You closely miss the orc priest.
You feel very sick.
An orc priest opens the door.
You block the orc priest's attack.
You hit the orc priest.
The orc priest is lightly wounded.
You feel very sick.
You hit the orc priest but do no damage.
You headbutt the orc priest, but do no damage.
The orc priest is lightly wounded.
You feel very sick. You block the orc priest's attack.
The orc hits you but does no damage.
You closely miss the orc priest. Your headbutt misses the orc priest.
The orc priest is lightly wounded.
You feel sick. The orc priest closely misses you. You block the orc's attack.
The orc priest calls down the wrath of Beogh upon you.
Beogh smites you!
* * * LOW HITPOINT WARNING * * *
You feel sick.
You feel sick.
You feel sick.
You feel sick.
You feel sick.
You feel sick.
You are no longer poisoned.
The orc wizard gestures wildly while chanting.
The orc wizard flickers and vanishes!
The orc priest looks encouraged for a moment.
Items here: )))) [[[ ÷÷.
The orc priest invokes the aid of Beogh against you.
Beogh smites you!
You die...

#.# #.##+###.##.###
####
##.###.##..##.#####
#<.##
.._..'.#..........#
#...#
######............#
..# #...# ###
#........÷...#..>.
#...# ###
#.+......o...#...
#...#
...#..........#..
#.).#
#..#######.##o##.#
##.### #..
#.##@##.#####+###.#..
...
...#.................
....
#...#.................
#...#.................
#####.##.##.##..###..#
#.##.##+##### ..#
..#... ... ...#....
... ....#..... ...


You could see an orc priest and an orc.

Vanquished Creatures
  A hound (D:4)
  A jelly (D:4)
  Crazy Yiuf (D:3)
  An orc priest (D:4)
  Natasha (twice) (D:3)
  An orc wizard (D:4)
  4 adders
  An ufetubus (D:4)
  An adder skeleton (D:4)
  3 worms
  3 dart slugs
  6 orcs
  8 bats
  5 endoplasms
  2 giant cockroaches
  3 goblins
  3 hobgoblins
  7 jackals
  A quokka (D:2)
  6 ball pythons
  A frilled lizard (D:3)
  11 kobolds
  4 rats
76 creatures vanquished.

Notes
Turn   | Place    | Note
-------+----------+-------------------------------------------
     0 | D:1      | Metae the Minotaur Fighter began the quest for the Orb.
     0 | D:1      | Reached XP level 1. HP: 19/19 MP: 0/0
   121 | D:1      | Reached XP level 2. HP: 25/27 MP: 1/1
   234 | D:1      | You fall into a shaft and drop 1 floor!
   577 | D:1      | Reached XP level 3. HP: 31/33 MP: 2/2
   981 | D:1      | Found a faded altar of an unknown god.
  1819 | D:3      | Reached XP level 4. HP: 32/41 MP: 3/3
  2078 | D:3      | Found a runed translucent door.
  2079 | D:3      | Noticed Crazy Yiuf
  2167 | D:3      | Found a bloodstained altar of Trog.
  2591 | D:3      | Noticed Natasha
  2601 | D:3      | Killed Natasha
  2609 | D:3      | Noticed Natasha
  2615 | D:3      | Killed Natasha
  2616 | D:3      | Reached XP level 5. HP: 33/47 MP: 4/4
  2947 | D:3      | Killed Crazy Yiuf
  3103 | D:4      | Reached skill level 5 in Armour
  3103 | D:4      | Reached skill level 5 in Shields
  3127 | D:4      | Reached skill level 5 in Fighting
  3134 | D:4      | Reached XP level 6. HP: 32/56 MP: 5/5
  3363 | D:4      | Found an opulent altar of Gozag.
  3415 | D:4      | Killed from afar by an orc priest

Illustrated notes

Levels and vault maps discovered:
D:1:      dpeg_arrival_stonehenge_8_columns, layout_loops_ring,
          dreamdust_ecumenical_altar_hidden_monk_grotto
D:2:      layout_basic
D:3:      layout_basic, bloody_trog, uniq_natasha, uniq_crazy_yiuf_cottage
D:4:      layout_gridville, nicolae_qazlal_scattered_showers,
          lemuel_doored_altar

Skill      XL: |  1  2  3  4  5 |
---------------+----------------+-----
Armour         | 4 5 |  5.3
Shields        | 4 5 |  5.2
Fighting       | 4 5 |  5.2
Polearms       | 3 4 |  4.4

Action                   |  1- 3 |  4- 6 || total
-------------------------+-------+-------++-------
Melee: Trident           |   105 |   119 ||   224
       Headbutt          |     8 |    15 ||    23
  Use: Scroll            |       |     2 ||     2
Armor: Scale mail        |    37 |       ||    37
       Chain mail        |     8 |    49 ||    57
Dodge: Dodged            |    21 |    25 ||    46
Block: Kite shield       |    43 |    50 ||    93
